 Dungeon Crawl Stone Soup version 0.29.1-2-gbd0b4ee654 (webtiles) character file.

Game seed: 9815359150175095742

112 GorkyZ the Shield-Bearer (level 5, -4/43 HPs)
             Began as a Formicid Fighter on Nov 19, 2022.
             Killed from afar by Ijyb (11 damage)
             ... with a bolt of light
             ... on level 3 of the Dungeon.
             The game lasted 00:06:55 (2198 turns).

GorkyZ the Shield-Bearer (Formicid Fighter)         Turns: 2198, Time: 00:06:56

Health: -4/43      AC:  9    Str: 23    XL:     5   Next: 16%
Magic:  5/5        EV:  7    Int:  7    God:
Gold:   119        SH:  0    Dex: 13    Spells: 4/4 levels left

rFire   . . .      SeeInvis +   l - +1 spear
rCold   . . .      Faith    .   c - +0 buckler
rNeg    . . .      Spirit   .   f - +0 chain mail
rPois   .          Reflect  .   (helmet unavailable)
rElec   .          Harm     .   (no cloak)
rCorr   .          Rampage  .   (no gloves)
Will    .....                   (no boots)
Stlth   ..........              (no amulet)
HPRegen 0.14/turn               (no ring)
MPRegen 0.09/turn               (no ring)

@: confused
A: permanent stasis, dig shafts and tunnels, antennae 3, four strong arms
a: Dig, Shaft Self


You were on level 3 of the Dungeon.
You visited 1 branch of the dungeon, and saw 3 of its levels.

You collected 119 gold pieces.

Inventory:

Hand Weapons
 a - a +0 trident
 l - a +1 spear (weapon)
Missiles
 i - 6 atropa-tipped darts
 s - 5 poisoned darts (quivered)
Armour
 b - a +0 scale mail
 c - a +0 buckler (worn)
 f - a +0 chain mail (worn)
 p - a +0 chain mail
Wands
 k - a wand of flame (16)
Scrolls
 e - a scroll of identify
Potions
 d - a potion of might
 j - 2 potions of attraction
 m - a potion of curing
 o - a potion of lignification


   Skills:
 * Level 4.5 Fighting
 + Level 2.8 Polearms
 + Level 3.9 Armour
 + Level 4.8 Shields


You had 4 spell levels left.
You didn't know any spells.
Your spell library was empty.

Dungeon Overview and Level Annotations

Branches:
Dungeon (3/15)

Altars:

Shops:
D:3 [

Annotations:
D:3 Ijyb


Innate Abilities, Weirdness & Mutations

You cannot be hasted, slowed, berserked, paralysed or teleported.
You can dig through walls and to a lower floor.
You have a pair of large antennae on your head. (SInv)
Your four strong arms can wield two-handed weapons with a shield.


Message History

You are confused.
You are too confused!
You are too confused!
You are too confused!
You are too confused!
You are too confused!
You are too confused!
You are too confused!
You are too confused!
You are too confused!
You are too confused!
You are too confused!
You are too confused!
You are too confused!
You are too confused!
You are too confused!
You are too confused!
You are too confused!
You are too confused!
You are too confused!
You are too confused!
You barely miss Ijyb.
Ijyb is moderately wounded.
Ijyb hits you but does no damage.
You're too confused to move!
You feel less confused. You block Ijyb's attack.
You hit Ijyb but do no damage.
Ijyb is moderately wounded.
Ijyb hits you but does no damage.
You barely miss Ijyb.
Ijyb is moderately wounded.
Ijyb hits you but does no damage.
You hit Ijyb but do no damage.
Ijyb is moderately wounded.
Ijyb zaps a wand.
The bolt of light hits you!!
You are confused.
* * * LOW HITPOINT WARNING * * *
You bump into the rock wall.
Ijyb zaps a wand.
The bolt of light hits you!
You die...

*,**,,,,,,,,,,,,,,* #########
*,***************,####.......#
*,,,,,,,,,,,,,,,*,#..........#
**************#+#+#..........#
*,,...............# **
*,,...............# ,*
*,,.......#.##########
,********######+#+##...##........
,,,,,,,,,.......@..#.∩.#...>.....
*****,,,,######g#.........#.#####
****+*****#.#....####.#.#
*,,,,,,,#.#.))†# #.#.# ****
*,,,**,,###....# #.#.# ,,,**
*,,,*8,,8*#....# #.#.# ,,,,*
*,,,,,,>,,#....# #...#
***,*****,,,,,,......# #.###
*,,,,* ***8,.8#..#### #.#


You could see Ijyb.

Vanquished Creatures
  Jessica (D:2)
  2 adders
  2 worms (D:2)
  6 ball pythons
  5 bats
  6 endoplasms
  2 goblins
  9 hobgoblins
  7 jackals (D:1)
  3 quokkas (D:1)
  3 frilled lizards
  4 kobolds
  5 rats
55 creatures vanquished.

Notes
Turn   | Place    | Note
-------+----------+-------------------------------------------
     0 | D:1      | GorkyZ the Formicid Fighter began the quest for the Orb.
     0 | D:1      | Reached XP level 1. HP: 18/18 MP: 1/1
   119 | D:1      | Reached XP level 2. HP: 24/24 MP: 2/2
   303 | D:1      | Reached XP level 3. HP: 27/30 MP: 3/3
  1296 | D:2      | Noticed Jessica
  1299 | D:2      | Killed Jessica
  1300 | D:2      | Reached XP level 4. HP: 33/37 MP: 4/4
  1817 | D:2      | Reached XP level 5. HP: 31/43 MP: 5/5
  2145 | D:3      | Found Jihyulan's Antique Armour Shop.
  2184 | D:3      | Noticed Ijyb
  2198 | D:3      | Killed from afar by Ijyb

Illustrated notes

Levels and vault maps discovered:
D:1:      erik_arrival_triangle_large, layout_loops_corners
D:2:      minmay_wonky_spiral, layout_basic, due_unseen_surprise, uniq_jessica
D:3:      layout_basic, mainiacjoe_overflow_two_lobes, serial_shops,
          nicolae_shop_stone, st_stairs_6, minmay_fractal_squares_5, uniq_ijyb

Skill      XL: |  1  2  3 |
---------------+----------+-----
Fighting       | 4 |  4.5
Polearms       | |  2.8
Armour         | |  3.9
Shields        | |  4.8

Action                   |  1- 3 |  4- 6 || total
-------------------------+-------+-------++-------
Melee: Trident           |    99 |       ||    99
       Spear             |       |    85 ||    85
 Abil: Dig               |       |     2 ||     2
  Use: Scroll            |       |     8 ||     8
Armor: Scale mail        |     5 |       ||     5
       Chain mail        |    30 |    31 ||    61
Dodge: Dodged            |    31 |    20 ||    51
Block: Buckler           |    14 |    17 ||    31
